 Seeded DCSS version 0.29.1-4-g47bece8355 (webtiles) character file.

Game seed: 3829195969244022025 (custom seed)

439 GigaChad the Chopper (level 6, -1/52 HPs)
             Began as a Minotaur Gladiator on Dec 6, 2022.
             Shot with an arrow by a centaur (10 damage)
             ... on level 4 of the Dungeon.
             The game lasted 00:04:35 (3233 turns).

GigaChad the Chopper (Minotaur Gladiator)           Turns: 3233, Time: 00:04:36

Health: -1/52      AC:  9    Str: 20    XL:     6   Next: 70%
Magic:  1/1        EV:  9    Int:  8    God:
Gold:   1126       SH:  0    Dex: 12    Spells: 5/5 levels left

rFire   . . .      SeeInvis .   i - +6 dagger of Parsimonious Valour {antimagic, Will+ Int+3}
rCold   . . .      Faith    .   (no shield)
rNeg    . . .      Spirit   .   g - +0 chain mail
rPois   .          Reflect  .   c - +0 hat
rElec   .          Harm     .   (no cloak)
rCorr   .          Rampage  .   (no gloves)
Will    +....                   (no boots)
Stlth   ..........              (no amulet)
HPRegen 0.17/turn               (no ring)
MPRegen 0.07/turn               (no ring)

@: no status effects
A: horns 2, retaliatory headbutt
a: no special abilities


You were on level 4 of the Dungeon.
You visited 1 branch of the dungeon, and saw 4 of its levels.

You collected 1273 gold pieces.
You spent 147 gold pieces at shops.

Inventory:

Hand Weapons
 a - a +0 war axe
 i - the +6 dagger of Parsimonious Valour (weapon) {antimagic, Will+ Int+3}
   (You bought it in a shop on level 1 of the Dungeon)

   It reduces the magical energy of the wielder, and disrupts the spells and
   magical abilities of those it strikes.
   Natural abilities and divine invocations are not affected.
   Int:       It affects your intelligence (+3).
   Will:      It increases your willpower.
Missiles
 d - 3 throwing nets
 e - a javelin (quivered)
Armour
 b - a +0 leather armour
 c - a +0 hat (worn)
 g - a +0 chain mail (worn)
Scrolls
 j - a scroll of fog
 k - 2 scrolls of vulnerability {unknown}
 l - 3 scrolls of noise {unknown}
 m - a scroll of fear
 q - a scroll of summoning {unknown}
 r - a scroll of amnesia {unknown}
 s - a scroll of teleportation {unknown}
Potions
 f - 3 potions of mutation {unknown}
 h - a potion of heal wounds {unknown}
 n - a potion of lignification {unknown}
 o - a potion of magic {unknown}
 p - a potion of curing {unknown}


   Skills:
 + Level 3.9 Fighting
 + Level 2.3 Short Blades
 + Level 5.0 Axes
 + Level 2.5 Throwing
 + Level 4.2 Armour
 + Level 4.7 Dodging
 + Level 0.4 Stealth


You had 5 spell levels left.
You didn't know any spells.
Your spell library contained the following spells:

 Spells                   Type           Power      Damage    Failure   Level
 Apportation              Tloc           0%         N/A       99%         1
 Alistair's Intoxication  Tmut/Pois      0%         N/A       100%        5


Dungeon Overview and Level Annotations

Branches:
Dungeon (4/15)
 Temple: D:4-7

Altars:
Elyvilon
Nemelex Xobeh
Vehumet

Shops:
D:1 (


Innate Abilities, Weirdness & Mutations

You have a pair of horns on your head.
You reflexively headbutt those who attack you in melee.


Message History

You hear a shout!
You closely miss the adder. Your headbutt misses the adder.
The adder bites you.
You hit the adder. Your headbutt misses the adder.
The adder is lightly wounded.
The adder bites you but does no damage.
You hit the adder. You headbutt the adder.
You kill the adder!
You puncture the howler monkey!
The howler monkey is moderately wounded.
The howler monkey hits you but does no damage.
You puncture the howler monkey! Your headbutt misses the howler monkey.
The howler monkey is almost dead.
The howler monkey hoots and howls with incredible vigour!
You hear a shout!
You hit the howler monkey.
You kill the howler monkey!
Things that are here:
a howler monkey corpse; an adder corpse An ogre comes into view.
It is wielding a +0 giant club.
An ogre is nearby!
A centaur comes into view.
The centaur wields a +0 shortbow.
The centaur shoots an arrow.
The arrow hits you.
You barely miss the ogre.
The ogre hits you with a +0 giant club!!
The centaur shoots an arrow.
The arrow hits you.
You barely miss the ogre. Your headbutt misses the ogre.
The centaur shoots an arrow.
The arrow hits you!
* * * LOW HITPOINT WARNING * * *
The ogre hits you with a +0 giant club.
* * * LOW HITPOINT WARNING * * *
You hit the ogre. You headbutt the ogre.
The ogre is moderately wounded.
The centaur shoots an arrow.
The arrow hits you.
* * * LOW HITPOINT WARNING * * *
You hit the ogre. You headbutt the ogre.
The ogre is severely wounded.
The centaur shoots an arrow.
The arrow hits you!
You die...

....# ...# # ...## ### #.
....# ..# ##.# ##...# #.#
#.... ....# #.#
#..#.##O..# ####.#
##......@..# #....#
.......†...##### #.....
##..##...........###.....
#..##.#...######......_.
#........## #.###..†.
##.......# #....
###...### ###.. #..c# #
#.# #...# #.#####.#


You could see an ogre and a centaur.

Vanquished Creatures
  A black bear (D:4)
  A phantom (D:4)
  A howler monkey (D:4)
  An orc priest (D:2)
  A jelly (D:4)
  An iguana (D:4)
  An orc wizard (D:2)
  4 adders
  A dart slug (D:1)
  14 orcs
  7 bats
  6 endoplasms
  2 giant cockroaches (D:2)
  6 goblins
  8 hobgoblins
  4 jackals (D:2)
  3 kobolds
  A quokka (D:3)
  3 frilled lizards
  9 rats
75 creatures vanquished.

Notes
Turn   | Place    | Note
-------+----------+-------------------------------------------
     0 | D:1      | GigaChad the Minotaur Gladiator began the quest for the
                  | Orb.
     0 | D:1      | Reached XP level 1. HP: 18/18 MP: 0/0
    50 | D:1      | Found a faded altar of an unknown god.
    98 | D:1      | Found Viliov's Antique Weapon Emporium.
   194 | D:1      | Reached XP level 2. HP: 25/25 MP: 1/1
   578 | D:2      | Reached skill level 4 in Axes
   580 | D:2      | Reached XP level 3. HP: 29/30 MP: 2/2
   930 | D:2      | Identified a scroll of acquirement
   930 | D:2      | Acquired 1004 gold pieces
  1103 | D:1      | Bought a faintly glowing dagger for 147 gold pieces
  1103 | D:1      | Identified the +6 dagger of Parsimonious Valour {antimagic,
                  | Will+ Int+3} (You bought it in a shop on level 1 of the
                  | Dungeon)
  1302 | D:2      | Reached skill level 1 in Armour
  1302 | D:2      | Reached XP level 4. HP: 21/37 MP: 1/3
  2148 | D:3      | Reached XP level 5. HP: 36/44 MP: 1/4
  2684 | D:3      | Found a sparkling altar of Nemelex Xobeh.
  2891 | D:4      | Noticed a phantom
  2903 | D:4      | Killed a phantom
  2904 | D:4      | Reached skill level 1 in Short Blades
  2904 | D:4      | Reached skill level 5 in Axes
  2904 | D:4      | Reached XP level 6. HP: 45/51 MP: 1/5
  3043 | D:4      | Found a radiant altar of Vehumet.
  3064 | D:4      | Found a white marble altar of Elyvilon.
  3233 | D:4      | Shot with an arrow by a centaur

Illustrated notes

Levels and vault maps discovered:
D:1:      nicolae_arrival_memento_mori, layout_basic,
          ebering_ecumenical_altar_rust, serial_shops, shop
D:2:      cheibrodos_pilgrimage, layout_basic, minmay_strange_pillars,
          nicolae_shop_vocational
D:3:      layout_rooms, nemelex_dance_club_becter, minmay_misc_feat_diagonals,
          chequers_mini_garden, nicolae_elevator_lobby_asterisk
D:4:      layout_loops_cross, zin_treasury, nicolae_overflow_crystal_walls,
          old_standard_altar, amcnicky_mini_corridor_feature

Skill      XL: |  1  2  3  4  5  6 |
---------------+-------------------+-----
Dodging        | 4 |  4.7
Axes           | 4 5 |  5.0
Armour         | 1 3 4 |  4.2
Fighting       | 3 |  3.9
Short Blades   | 1 2 |  2.3
Throwing       | |  2.5
Stealth        | |  0.4

Action                   |  1- 3 |  4- 6 || total
-------------------------+-------+-------++-------
Melee: War axe           |    43 |       ||    43
       Headbutt          |     8 |    15 ||    23
       Dagger            |    17 |    93 ||   110
       Punch             |     1 |       ||     1
Throw: Javelin           |     2 |       ||     2
  Use: Scroll            |     4 |       ||     4
Armor: Leather armour    |     2 |       ||     2
       Chain mail        |    42 |    54 ||    96
Dodge: Dodged            |    37 |    51 ||    88
